Penguins vs Condors

Created - Monday, March 28, 2016 at 02:06

Goals
1 2 3 OT1 SO T
Penguins 0 1 0 0 1 2
Condors 1 0 0 0 0 1
Shots
1 2 3 OT1 SO T
Penguins 8 18 6 4 3 36
Condors 9 11 7 1 3 28

1st period

1. Condors , Teemu Pulkkinen 21 (Kris Newbury, Michael Chaput) at 0:14

Penalties :
Jeremie Blain (BAK) for Fighting (Major) at 3:48, Akim Aliu (WBS) for Fighting (Major) at 3:48, Michael Chaput (BAK) for Fighting (Major) at 5:29, Philippe Cornet (WBS) for Fighting (Major) at 5:29, Michael Chaput (BAK) for instigated a fight (Minor) at 5:29, Michael Chaput (BAK) for instigated a fight (10 Minutes Misconduct) at 5:29

2nd period

2. Penguins , Danny Biega 17 (Carson McMillan, Dustin Gazley) at 2:45

Penalties :
Ryan Parent (BAK) for Fighting (Major) at 16:59, Jason Gregoire (WBS) for Fighting (Major) at 16:59, Ryan Parent (BAK) for instigated a fight (Minor) at 16:59, Ryan Parent (BAK) for instigated a fight (10 Minutes Misconduct) at 16:59

3rd period

No Goal

Penalties :
Jay Rosehill (WBS) for Holding Stick (Minor) at 11:23, Turner Elson (BAK) for Holding (Minor) at 14:10, Ken Agostino (BAK) for Tripping (Minor) at 0:00

Overtime #1

No Goal

Penalties :
No Penalty

Shootout

Penalty Shot by Patrice Cormier for Penguins - Stopped by Scott Wedgewood
Penalty Shot by Teemu Pulkkinen for Condors - Stopped by Dan Ellis
Penalty Shot by Philippe Cornet for Penguins - Goal!
Penalty Shot by Michael Chaput for Condors - Stopped by Dan Ellis
Penalty Shot by Justin Vaive for Penguins - Stopped by Scott Wedgewood
Penalty Shot by Tyler Graovac for Condors - Stopped by Dan Ellis

Penalties :
No Penalty

Goalie Stats

Dan Ellis (WBS), 27 saves from 28 shots - (0.964), W, 8-4-4, 65:00 minutes
Scott Wedgewood (BAK), 35 saves from 36 shots - (0.972), OTL, 3-6-7, 65:00 minutes

Players Stats for Penguins

Player Name              G  A  P  +/- PIM S  H  SB GA TA FO     MP     PP MP  PK MP  
------------------------------------------------------------------------------------
Adam Clendening          0  0  0  -1  0   2  4  2  4  2  0/0    23:13   3:26   0:41 
Akim Aliu                0  0  0   0  5   2  1  1  0  0  1/1     8:07   0:00   0:00 
Carson McMillan          0  1  1   1  0   2  2  1  0  2  4/13   18:48   2:57   0:00 
Charles Sarault          0  0  0   0  0   6  0  3  2  1  3/7    16:42   1:07   0:00 
Danny Biega              1  0  1   1  0   9  2  1  3  0  0/0    21:37   2:31   1:18 
Dustin Gazley            0  1  1   1  0   3  3  0  0  0  0/0    18:48   2:57   0:00 
FARM PLAYER15            0  0  0   0  0   0  0  0  0  0  0/0    17:41   0:00   1:11 
FARM PLAYER20            0  0  0   1  0   0  2  0  0  0  0/1    23:20   2:31   1:18 
FARM PLAYER23            0  0  0   0  0   0  0  0  0  0  1/1     6:45   0:00   0:39 
FARM PLAYER25            0  0  0   0  0   1  0  0  0  1  0/0    15:33   0:00   0:00 
Jason Gregoire           0  0  0   0  5   0  1  0  2  1  0/0    14:46   0:00   0:00 
Jay Rosehill             0  0  0   0  2   1  1  1  0  0  0/0    10:41   0:00   0:00 
Justin Vaive             0  0  0   1  0   4  6  0  5  1  1/1    19:35   2:57   0:00 
Mark Louis               0  0  0   0  0   0  2  0  0  1  0/0    13:45   0:00   0:00 
Matt Mangene             0  0  0  -1  0   0  1  0  1  0  0/0    18:01   3:00   0:00 
Patrice Cormier          0  0  0  -1  0   1  1  0  2  0  13/23  23:53   3:00   0:58 
Philippe Cornet          0  0  0  -1  5   2  0  1  4  1  0/0    18:48   1:53   1:10 
Xavier Ouellet           0  0  0  -1  0   3  3  0  2  2  0/0    27:49   3:26   0:41 

Players Stats for Condors

Player Name              G  A  P  +/- PIM S  H  SB GA TA FO     MP     PP MP  PK MP  
------------------------------------------------------------------------------------
Anthony Bitetto          0  0  0   0  0   0  2  0  1  0  0/0    16:23   0:00   0:00 
Bill Arnold              0  0  0   0  0   0  0  0  1  0  1/1     9:24   0:53   0:00 
David Schlemko           0  0  0   0  0   7  2  0  4  3  0/0    23:25   1:03   3:04 
Jeremie Blain            0  0  0   0  5   1  0  1  0  0  0/0     9:20   0:00   0:00 
Ken Agostino             0  0  0   0  2   0  3  0  0  1  1/1    17:16   0:00   2:48 
Kris Newbury             0  1  1   1  0   1  0  0  0  0  0/0    15:43   0:47   2:43 
Matt Bailey              0  0  0  -1  0   0  3  0  1  0  0/0    19:01   1:12   0:00 
Michael Chaput           0  1  1   1  17  5  3  0  4  2  7/8    18:11   0:47   2:02 
Michael Mersch           0  0  0  -1  0   2  1  0  2  0  0/0    18:48   0:43   0:00 
Pat Cannone              0  0  0   0  0   1  3  0  0  0  1/2    15:31   0:00   0:48 
Rob Bordson              0  0  0   0  0   1  1  0  0  0  3/9    12:23   0:00   0:00 
Ryan Parent              0  0  0   0  17  0  0  0  0  0  0/0     6:42   0:00   0:00 
Ryan Stanton             0  0  0   0  0   1  1  1  2  1  0/0    27:36   0:56   4:53 
Steven Kampfer           0  0  0   0  0   0  2  1  0  2  0/0    23:24   0:56   4:53 
Taylor Fedun             0  0  0   0  0   2  1  2  0  1  0/0    22:09   1:03   3:04 
Teemu Pulkkinen          1  0  1   1  0   4  0  1  5  1  4/12   24:41   0:23   5:05 
Turner Elson             0  0  0   0  2   0  1  0  1  0  1/1    13:01   0:00   0:00 
Tyler Graovac            0  0  0  -1  0   3  2  0  0  1  6/13   18:56   1:12   0:28 

3 Stars

1 - Scott Wedgewood (BAK)
2 - Dan Ellis (WBS)
3 - Danny Biega (WBS)

Power Play

Penguins - 0 on 4 Attempt(s) - 0.00%
Condors - 0 on 1 Attempt(s) - 0.00%

Penalty Kill

Penguins - 1 on 1 Attempt(s) - 100.00% - Score 0 goal in Penalty Kill
Condors - 4 on 4 Attempt(s) - 100.00% - Score 0 goal in Penalty Kill

Team Stat

Penguins - Hits : 29 - Faceoff Wins : 23 - Blocked Shots : 10 - Penalty Minutes : 17
Condors - Hits : 25 - Faceoff Wins : 24 - Blocked Shots : 6 - Penalty Minutes : 43

Official

Referees : Unknown
Linesman : Unknown

Game Notes

Jeremie Blain and Akim Aliu fight to a draw at 3:48 of 1st period
Philippe Cornet beats up Michael Chaput at 5:29 of 1st period
Jeremie Blain is injured at 14:13 of 2nd period (Groin)
Ryan Parent and Jason Gregoire fight to a draw at 16:59 of 2nd period

Finance

Level 1 -- Attendance: 1545 (77.25%) -- Ticket Income $61,800
Level 2 -- Attendance: 706 (70.60%) -- Ticket Income $14,120
Total Attendance: 2251 (75.03%)
Total Ticket Income: $75,920
Other Income: $37,201
Total Income: $113,121

Penguins

5 vs 5 Forward 
   Center                   Left Wing                Right Wing               Time % Phy DF OF 
 1 Patrice Cormier          Philippe Cornet          Matt Mangene             35     1   2  2  
 2 Carson McMillan          Justin Vaive             Dustin Gazley            30     1   2  2  
 3 Charles Sarault          Jason Gregoire           Mark Louis               22     1   2  2  
 4 Patrice Cormier          Jay Rosehill             Akim Aliu                13     1   2  2  

5 vs 5 Defense 
   Defense                  Defense                                           Time % Phy DF OF 
 1 Xavier Ouellet           Adam Clendening                                   35     1   2  2  
 2 Danny Biega              FARM PLAYER20                                     30     1   2  2  
 3 FARM PLAYER15            FARM PLAYER25                                     22     1   2  2  
 4 FARM PLAYER23            Xavier Ouellet                                    13     1   2  2  

PowerPlay Forward 
   Center                   Left Wing                Right Wing               Time % Phy DF OF 
 1 Patrice Cormier          Philippe Cornet          Matt Mangene             60     1   2  2  
 2 Carson McMillan          Justin Vaive             Dustin Gazley            40     1   2  2  

PowerPlay Defense
   Defense                  Defense                                           Time % Phy DF OF 
 1 Xavier Ouellet           Adam Clendening                                   60     1   2  2  
 2 Danny Biega              FARM PLAYER20                                     40     1   2  2  

Penalty Kill 4 Players Forward 
   Center                   Wing                     Time % Phy DF OF 
 1 Patrice Cormier          Philippe Cornet          60     1   2  2  
 2 Justin Vaive             Matt Mangene             40     1   2  2  

Penalty Kill 4 Players Defense
   Defense                  Defense                  Time % Phy DF OF 
 1 Xavier Ouellet           Adam Clendening          60     1   2  2  
 2 Danny Biega              FARM PLAYER20            40     1   2  2  

Penalty Kill - 3 Players Forward 
   Forward                                           Time % Phy DF OF 
 1 Patrice Cormier                                   60     1   2  2  
 2 Philippe Cornet                                   40     1   2  2  

Penalty Kill - 3 Players Defense
   Defense                  Defense                  Time % Phy DF OF 
 1 Xavier Ouellet           Adam Clendening          60     1   2  2  
 2 Danny Biega              FARM PLAYER20            40     1   2  2  

4 vs 4 Forward 
   Center                   Wing                     Time % Phy DF OF 
 1 Patrice Cormier          Philippe Cornet          60     1   2  2  
 2 Justin Vaive             Matt Mangene             40     1   2  2  

4 vs 4 Defense
   Defense                  Defense                  Time % Phy DF OF 
 1 Xavier Ouellet           Adam Clendening          60     1   2  2  
 2 Danny Biega              FARM PLAYER20            40     1   2  2  

Last Minutes Offensive
   Center                   Left Wing                Right Wing               Defense                  Defense                  
   Patrice Cormier          Philippe Cornet          Matt Mangene             Xavier Ouellet           Adam Clendening          

Last Minutes Defensive
   Center                   Left Wing                Right Wing               Defense                  Defense                  
   Patrice Cormier          Philippe Cornet          Matt Mangene             Xavier Ouellet           Adam Clendening          

Goaltenders
Starting : Dan Ellis                
Backup : Ilya Bryzgalov           

Extra Forwards
Normal : Charles Sarault, Jason Gregoire, Jay Rosehill - PP : Charles Sarault, Jason Gregoire - PK : Jay Rosehill
Extra Defensemen
Normal : FARM PLAYER15, FARM PLAYER25, FARM PLAYER23 - PP : FARM PLAYER15 - PK : FARM PLAYER25, FARM PLAYER23
Penalty Shots
Patrice Cormier, Philippe Cornet, Justin Vaive, Matt Mangene, Carson McMillan

Condors

5 vs 5 Forward 
   Center                   Left Wing                Right Wing               Time % Phy DF OF 
 1 Michael Chaput           Teemu Pulkkinen          Kris Newbury             35     1   2  2  
 2 Tyler Graovac            Michael Mersch           Matt Bailey              30     1   2  2  
 3 Pat Cannone              Ken Agostino             Teemu Pulkkinen          22     1   2  2  
 4 Rob Bordson              Turner Elson             Michael Chaput           13     1   2  2  

5 vs 5 Defense 
   Defense                  Defense                                           Time % Phy DF OF 
 1 Ryan Stanton             Steven Kampfer                                    35     1   2  2  
 2 David Schlemko           Taylor Fedun                                      30     1   2  2  
 3 Anthony Bitetto          Jeremie Blain                                     22     1   2  2  
 4 Ryan Parent              Ryan Stanton                                      13     1   2  2  

PowerPlay Forward 
   Center                   Left Wing                Right Wing               Time % Phy DF OF 
 1 Michael Chaput           Teemu Pulkkinen          Kris Newbury             60     1   2  2  
 2 Tyler Graovac            Michael Mersch           Matt Bailey              40     1   2  2  

PowerPlay Defense
   Defense                  Defense                                           Time % Phy DF OF 
 1 Ryan Stanton             Steven Kampfer                                    60     1   2  2  
 2 David Schlemko           Taylor Fedun                                      40     1   2  2  

Penalty Kill 4 Players Forward 
   Center                   Wing                     Time % Phy DF OF 
 1 Teemu Pulkkinen          Michael Chaput           60     1   2  2  
 2 Tyler Graovac            Kris Newbury             40     1   2  2  

Penalty Kill 4 Players Defense
   Defense                  Defense                  Time % Phy DF OF 
 1 Ryan Stanton             Steven Kampfer           60     1   2  2  
 2 David Schlemko           Taylor Fedun             40     1   2  2  

Penalty Kill - 3 Players Forward 
   Forward                                           Time % Phy DF OF 
 1 Teemu Pulkkinen                                   60     1   2  2  
 2 Michael Chaput                                    40     1   2  2  

Penalty Kill - 3 Players Defense
   Defense                  Defense                  Time % Phy DF OF 
 1 Ryan Stanton             Steven Kampfer           60     1   2  2  
 2 David Schlemko           Taylor Fedun             40     1   2  2  

4 vs 4 Forward 
   Center                   Wing                     Time % Phy DF OF 
 1 Teemu Pulkkinen          Michael Chaput           60     1   2  2  
 2 Tyler Graovac            Kris Newbury             40     1   2  2  

4 vs 4 Defense
   Defense                  Defense                  Time % Phy DF OF 
 1 Ryan Stanton             Steven Kampfer           60     1   2  2  
 2 David Schlemko           Taylor Fedun             40     1   2  2  

Last Minutes Offensive
   Center                   Left Wing                Right Wing               Defense                  Defense                  
   Michael Chaput           Teemu Pulkkinen          Kris Newbury             Ryan Stanton             Steven Kampfer           

Last Minutes Defensive
   Center                   Left Wing                Right Wing               Defense                  Defense                  
   Michael Chaput           Teemu Pulkkinen          Kris Newbury             Ryan Stanton             Steven Kampfer           

Goaltenders
Starting : Scott Wedgewood          
Backup : FARM GOALIE25            

Extra Forwards
Normal : Bill Arnold, Pat Cannone, Ken Agostino - PP : Bill Arnold, Pat Cannone - PK : Ken Agostino
Extra Defensemen
Normal : Anthony Bitetto, Jeremie Blain, Ryan Parent - PP : Anthony Bitetto - PK : Jeremie Blain, Ryan Parent
Penalty Shots
Teemu Pulkkinen, Michael Chaput, Tyler Graovac, Kris Newbury, Pat Cannone

% Time on Ice - Penguins

Lines # - Real PCT - Wanted PCT - Time Play
Normal Forward
1 - 27% - 35% - 14:19
2 - 30% - 30% - 15:52
3 - 26% - 22% - 13:45
4 - 16% - 13% - 8:08
Normal Defense
1 - 32% - 35% - 16:25
2 - 30% - 30% - 15:29
3 - 29% - 22% - 15:10
4 - 10% - 13% - 5:00
PP Forward
1 - 50% - 60% - 3:00
2 - 50% - 40% - 2:57
PP Defense
1 - 58% - 60% - 3:26
2 - 42% - 40% - 2:31
PK Forward
1 - 100% - 60% - 1:59
2 - 0% - 40% - 0:00
PK Defense
1 - 34% - 60% - 0:41
2 - 66% - 40% - 1:18
PK3 Forward
1 - 0% - 60%
2 - 0% - 40%
PK3 Defense
1 - 0% - 60%
2 - 0% - 40%
44 Forward
1 - 84% - 60% - 4:13
2 - 16% - 40% - 0:47
44 Defense
1 - 54% - 60% - 2:41
2 - 46% - 40% - 2:19
Last Minute Offensive  - 0:00
Last Minute Defensive  - 0:00
Total
Forward - 65:00
Defense - 65:00

% Time on Ice - Condors

Lines # - Real PCT - Wanted PCT - Time Play
Normal Forward
1 - 23% - 35% - 12:08
2 - 33% - 30% - 17:17
3 - 20% - 22% - 10:16
4 - 24% - 13% - 12:23
Normal Defense
1 - 26% - 35% - 13:34
2 - 26% - 30% - 13:21
3 - 33% - 22% - 17:18
4 - 15% - 13% - 7:51
PP Forward
1 - 39% - 60% - 0:47
2 - 61% - 40% - 1:12
PP Defense
1 - 47% - 60% - 0:56
2 - 53% - 40% - 1:03
PK Forward
1 - 92% - 60% - 5:29
2 - 8% - 40% - 0:28
PK Defense
1 - 62% - 60% - 3:42
2 - 38% - 40% - 2:15
PK3 Forward
1 - 100% - 60% - 2:00
2 - 0% - 40% - 0:00
PK3 Defense
1 - 59% - 60% - 1:11
2 - 41% - 40% - 0:49
44 Forward
1 - 100% - 60% - 3:00
2 - 0% - 40% - 0:00
44 Defense
1 - 52% - 60% - 1:34
2 - 48% - 40% - 1:26
Last Minute Offensive  - 0:00
Last Minute Defensive  - 0:00
Total
Forward - 65:00
Defense - 65:00

Play by Play

1st period


0:01 of 1st period - Michael Chaput wins face-off versus Patrice Cormier in neutral zone.
0:06 of 1st period - Snap shot by Teemu Pulkkinen.
0:06 of 1st period - Stopped by Dan Ellis without a rebound.
0:07 of 1st period - Michael Chaput wins face-off versus Patrice Cormier in Penguins zone.
0:14 of 1st period - Wrist shot by Teemu Pulkkinen.
0:14 of 1st period - Goal by Teemu Pulkkinen - Penguins : 0 - Condors : 1.
0:15 of 1st period - Carson McMillan wins face-off versus Tyler Graovac in neutral zone.
1:08 of 1st period - David Schlemko is hit by Mark Louis and loses puck.
1:19 of 1st period - Pat Cannone is hit by Mark Louis and loses puck.
1:54 of 1st period - Wrist shot by Michael Chaput.
1:54 of 1st period - Shot Misses the Net.
2:00 of 1st period - Slapshot by Michael Chaput.
2:00 of 1st period - Shot Hit the Post.
2:14 of 1st period - Slapshot by Ryan Stanton.
2:14 of 1st period - Shot Blocked by Philippe Cornet.
2:18 of 1st period - Slapshot by Ryan Stanton.
2:18 of 1st period - Stopped by Dan Ellis without a rebound.
2:19 of 1st period - Michael Chaput wins face-off versus Patrice Cormier in Penguins zone.
3:05 of 1st period - Carson McMillan is hit by Tyler Graovac and loses puck.
3:20 of 1st period - Turner Elson is hit by Carson McMillan and loses puck.
3:31 of 1st period - Slapshot by Michael Chaput.
3:31 of 1st period - Stopped by Dan Ellis without a rebound.
3:32 of 1st period - Patrice Cormier wins face-off versus Rob Bordson in Penguins zone.
3:37 of 1st period - Wrist shot by Akim Aliu.
3:37 of 1st period - Stopped by Scott Wedgewood with a rebound.
3:48 of 1st period - Jeremie Blain and Akim Aliu fight to a draw.
3:48 of 1st period - Penalty to Jeremie Blain for Fighting.
3:48 of 1st period - Penalty to Akim Aliu for Fighting.
3:49 of 1st period - Pat Cannone wins face-off versus Carson McMillan in Penguins zone.
3:58 of 1st period - Danny Biega is hit by Ken Agostino and loses puck.
4:30 of 1st period - Carson McMillan is hit by Pat Cannone and loses puck.
4:41 of 1st period - Ryan Stanton is hit by FARM PLAYER20 and loses puck.
5:08 of 1st period - Michael Mersch is hit by Xavier Ouellet and loses puck.
5:29 of 1st period - Wrist shot by Michael Chaput.
5:29 of 1st period - Stopped by Dan Ellis without a rebound.
5:29 of 1st period - Philippe Cornet beats up Michael Chaput.
5:29 of 1st period - Penalty to Michael Chaput for Fighting.
5:29 of 1st period - Penalty to Philippe Cornet for Fighting.
5:29 of 1st period - Penalty to Michael Chaput for instigated a fight.
5:29 of 1st period - Penalty to Michael Chaput for instigated a fight.
5:30 of 1st period - Patrice Cormier wins face-off versus Teemu Pulkkinen in Penguins zone.
5:35 of 1st period - Adam Clendening is hit by Ken Agostino and loses puck.
5:40 of 1st period - Snap shot by Teemu Pulkkinen.
5:40 of 1st period - Stopped by Dan Ellis with a rebound.
5:42 of 1st period - Slapshot by David Schlemko.
5:42 of 1st period - Stopped by Dan Ellis with a rebound.
6:34 of 1st period - Teemu Pulkkinen is hit by Carson McMillan and loses puck.
6:53 of 1st period - Wrist shot by Charles Sarault.
6:53 of 1st period - Shot Misses the Net.
6:55 of 1st period - Snap shot by Danny Biega.
6:55 of 1st period - Stopped by Scott Wedgewood without a rebound.
6:56 of 1st period - Patrice Cormier wins face-off versus Tyler Graovac in Condors zone.
6:57 of 1st period - Slapshot by Danny Biega.
6:57 of 1st period - Shot Blocked by Taylor Fedun.
6:59 of 1st period - Wrist shot by Charles Sarault.
6:59 of 1st period - Stopped by Scott Wedgewood without a rebound.
7:00 of 1st period - Tyler Graovac wins face-off versus Patrice Cormier in Condors zone.
7:21 of 1st period - Slapshot by Danny Biega.
7:21 of 1st period - Stopped by Scott Wedgewood with a rebound.
7:23 of 1st period - Slapshot by Carson McMillan.
7:23 of 1st period - Stopped by Scott Wedgewood without a rebound.
7:24 of 1st period - Teemu Pulkkinen wins face-off versus Patrice Cormier in Condors zone.
7:29 of 1st period - Penalty to Michael Chaput is over, Kris Newbury is send on ice.
7:41 of 1st period - Slapshot by Matt Mangene.
7:41 of 1st period - Shot Misses the Net.
7:43 of 1st period - Slapshot by Xavier Ouellet.
7:43 of 1st period - Stopped by Scott Wedgewood with a rebound.
8:08 of 1st period - Matt Bailey is hit by Adam Clendening and loses puck.
8:40 of 1st period - Snap shot by Dustin Gazley.
8:40 of 1st period - Shot Misses the Net.
8:52 of 1st period - Dustin Gazley is hit by Rob Bordson and loses puck.
8:59 of 1st period - Snap shot by Rob Bordson.
8:59 of 1st period - Shot Blocked by Carson McMillan.
9:31 of 1st period - Wrist shot by Teemu Pulkkinen.
9:31 of 1st period - Stopped by Dan Ellis with a rebound.
9:45 of 1st period - Michael Mersch is hit by Jay Rosehill and loses puck.
10:08 of 1st period - Snap shot by Danny Biega.
10:08 of 1st period - Stopped by Scott Wedgewood with a rebound.
10:10 of 1st period - Snap shot by Carson McMillan.
10:10 of 1st period - Shot Misses the Net.
11:00 of 1st period - Charles Sarault is hit by Matt Bailey and loses puck.
12:31 of 1st period - Bill Arnold is hit by Akim Aliu and loses puck.
12:42 of 1st period - Matt Mangene is hit by Anthony Bitetto.
13:12 of 1st period - Wrist shot by Xavier Ouellet.
13:12 of 1st period - Shot Misses the Net.
14:27 of 1st period - Danny Biega is hit by David Schlemko and loses puck.
14:40 of 1st period - Danny Biega is hit by Pat Cannone and loses puck.
15:15 of 1st period - Snap shot by Tyler Graovac.
15:15 of 1st period - Shot Blocked by Danny Biega.
15:18 of 1st period - Icing by Danny Biega.
15:19 of 1st period - FARM PLAYER23 wins face-off versus Rob Bordson in Penguins zone.
15:50 of 1st period - Snap shot by Tyler Graovac.
15:50 of 1st period - Stopped by Dan Ellis with a rebound.
16:56 of 1st period - Wrist shot by Charles Sarault.
16:56 of 1st period - Shot Misses the Net.
16:58 of 1st period - Backhand shot by Danny Biega.
16:58 of 1st period - Deflect By Charles Sarault.
16:58 of 1st period - Stopped by Scott Wedgewood without a rebound.
16:59 of 1st period - Ken Agostino wins face-off versus Charles Sarault in Condors zone.
16:59 of 1st period - Ken Agostino is hit by Danny Biega.
17:46 of 1st period - Icing by Patrice Cormier.
17:47 of 1st period - Tyler Graovac wins face-off versus Patrice Cormier in Penguins zone.
19:37 of 1st period - Off-side.
19:38 of 1st period - Rob Bordson wins face-off versus FARM PLAYER20 in neutral zone.
19:45 of 1st period - Slapshot by David Schlemko.
19:45 of 1st period - Shot Blocked by Akim Aliu.
Goals for this period are 0 for Penguins vs 1 for Condors.
Shots for this period are 8 for Penguins vs 9 for Condors.

2nd period


0:01 of 2nd period - Bill Arnold wins face-off versus Patrice Cormier in neutral zone.
0:06 of 2nd period - Snap shot by Teemu Pulkkinen.
0:06 of 2nd period - Shot Misses the Net.
0:23 of 2nd period - Slapshot by Adam Clendening.
0:23 of 2nd period - Deflect By Patrice Cormier.
0:23 of 2nd period - Shot Misses the Net.
0:23 of 2nd period - Puck is out of play.
0:24 of 2nd period - Tyler Graovac wins face-off versus Carson McMillan in Condors zone.
0:29 of 2nd period - 10 Minutes Misconduct Penalty to Michael Chaput is over.
0:43 of 2nd period - Wrist shot by Tyler Graovac.
0:43 of 2nd period - Shot Misses the Net.
0:53 of 2nd period - Snap shot by Justin Vaive.
0:53 of 2nd period - Shot Misses the Net.
0:55 of 2nd period - Snap shot by Danny Biega.
0:55 of 2nd period - Stopped by Scott Wedgewood without a rebound.
0:56 of 2nd period - Michael Chaput wins face-off versus Patrice Cormier in Condors zone.
2:27 of 2nd period - Snap shot by Dustin Gazley.
2:27 of 2nd period - Stopped by Scott Wedgewood with a rebound.
2:29 of 2nd period - Wrist shot by Justin Vaive.
2:29 of 2nd period - Stopped by Scott Wedgewood with a rebound.
2:31 of 2nd period - Slapshot by Danny Biega.
2:31 of 2nd period - Stopped by Scott Wedgewood with a rebound.
2:33 of 2nd period - Slapshot by Danny Biega.
2:33 of 2nd period - Shot Misses the Net.
2:35 of 2nd period - Snap shot by Dustin Gazley.
2:35 of 2nd period - Shot Blocked by Steven Kampfer.
2:45 of 2nd period - Slapshot by Danny Biega.
2:45 of 2nd period - Goal by Danny Biega - Penguins : 1 - Condors : 1.
2:46 of 2nd period - Patrice Cormier wins face-off versus Pat Cannone in neutral zone.
3:18 of 2nd period - Slapshot by David Schlemko.
3:18 of 2nd period - Shot Blocked by Adam Clendening.
3:20 of 2nd period - Backhand shot by David Schlemko.
3:20 of 2nd period - Stopped by Dan Ellis without a rebound.
3:21 of 2nd period - Rob Bordson wins face-off versus Carson McMillan in Penguins zone.
3:28 of 2nd period - Wrist shot by Michael Chaput.
3:28 of 2nd period - Stopped by Dan Ellis with a rebound.
3:31 of 2nd period - Icing by Justin Vaive.
3:32 of 2nd period - Carson McMillan wins face-off versus Rob Bordson in Penguins zone.
3:41 of 2nd period - Snap shot by Dustin Gazley.
3:41 of 2nd period - Stopped by Scott Wedgewood with a rebound.
3:43 of 2nd period - Slapshot by FARM PLAYER25.
3:43 of 2nd period - Stopped by Scott Wedgewood without a rebound.
3:44 of 2nd period - Michael Chaput wins face-off versus Charles Sarault in Condors zone.
4:52 of 2nd period - Anthony Bitetto is hit by Adam Clendening and loses puck.
5:27 of 2nd period - Wrist shot by Justin Vaive.
5:27 of 2nd period - Stopped by Scott Wedgewood with a rebound.
6:04 of 2nd period - Backhand shot by Jay Rosehill.
6:04 of 2nd period - Stopped by Scott Wedgewood without a rebound.
6:05 of 2nd period - Patrice Cormier wins face-off versus Rob Bordson in Condors zone.
6:06 of 2nd period - Wrist shot by Jay Rosehill.
6:06 of 2nd period - Shot Misses the Net.
6:11 of 2nd period - Off-side.
6:12 of 2nd period - Charles Sarault wins face-off versus Rob Bordson in neutral zone.
7:37 of 2nd period - Taylor Fedun is hit by Justin Vaive and loses puck.
8:10 of 2nd period - Wrist shot by Michael Chaput.
8:10 of 2nd period - Shot Misses the Net.
8:12 of 2nd period - Slapshot by Rob Bordson.
8:12 of 2nd period - Stopped by Dan Ellis with a rebound.
8:14 of 2nd period - Slapshot by Jeremie Blain.
8:14 of 2nd period - Stopped by Dan Ellis without a rebound.
8:15 of 2nd period - Charles Sarault wins face-off versus Rob Bordson in Penguins zone.
8:23 of 2nd period - Icing by Michael Chaput.
8:24 of 2nd period - Rob Bordson wins face-off versus Charles Sarault in Condors zone.
8:46 of 2nd period - Snap shot by Tyler Graovac.
8:46 of 2nd period - Shot Misses the Net.
10:02 of 2nd period - Danny Biega is hit by Ken Agostino and loses puck.
10:23 of 2nd period - David Schlemko is hit by Justin Vaive and loses puck.
10:42 of 2nd period - Slapshot by David Schlemko.
10:42 of 2nd period - Deflect By Michael Chaput.
10:42 of 2nd period - Stopped by Dan Ellis with a rebound.
11:25 of 2nd period - Jeremie Blain is hit by Jason Gregoire and loses puck.
11:40 of 2nd period - Philippe Cornet is hit by Anthony Bitetto and loses puck.
12:13 of 2nd period - Patrice Cormier is hit by Michael Chaput and loses puck.
12:48 of 2nd period - Snap shot by Steven Kampfer.
12:48 of 2nd period - Shot Misses the Net.
13:57 of 2nd period - Off-side.
13:58 of 2nd period - Tyler Graovac wins face-off versus Carson McMillan in neutral zone.
14:04 of 2nd period - Tyler Graovac is hit by Dustin Gazley and loses puck.
14:13 of 2nd period - Snap shot by Justin Vaive.
14:13 of 2nd period - Shot Blocked by Jeremie Blain.
14:13 of 2nd period - Jeremie Blain from Condors is injured at 14:13 of 2nd period (Groin).
14:14 of 2nd period - Patrice Cormier wins face-off versus Michael Chaput in Condors zone.
14:17 of 2nd period - Wrist shot by Xavier Ouellet.
14:17 of 2nd period - Stopped by Scott Wedgewood with a rebound.
14:33 of 2nd period - Slapshot by Adam Clendening.
14:33 of 2nd period - Deflect By Teemu Pulkkinen.
14:33 of 2nd period - Stopped by Scott Wedgewood with a rebound.
14:35 of 2nd period - Snap shot by Philippe Cornet.
14:35 of 2nd period - Stopped by Scott Wedgewood with a rebound.
14:43 of 2nd period - Slapshot by Adam Clendening.
14:43 of 2nd period - Shot Misses the Net.
14:45 of 2nd period - Snap shot by Philippe Cornet.
14:45 of 2nd period - Shot Misses the Net.
14:47 of 2nd period - Wrist shot by Philippe Cornet.
14:47 of 2nd period - Shot Misses the Net.
14:49 of 2nd period - Slapshot by Xavier Ouellet.
14:49 of 2nd period - Stopped by Scott Wedgewood with a rebound.
15:05 of 2nd period - Slapshot by Danny Biega.
15:05 of 2nd period - Deflect By Dustin Gazley.
15:05 of 2nd period - Stopped by Scott Wedgewood with a rebound.
15:07 of 2nd period - Wrist shot by Carson McMillan.
15:07 of 2nd period - Stopped by Scott Wedgewood with a rebound.
15:09 of 2nd period - Slapshot by Danny Biega.
15:09 of 2nd period - Stopped by Scott Wedgewood with a rebound.
15:49 of 2nd period - Snap shot by Charles Sarault.
15:49 of 2nd period - Stopped by Scott Wedgewood with a rebound.
15:59 of 2nd period - Snap shot by Michael Mersch.
15:59 of 2nd period - Stopped by Dan Ellis without a rebound.
16:00 of 2nd period - Akim Aliu wins face-off versus Tyler Graovac in Penguins zone.
16:10 of 2nd period - Snap shot by Akim Aliu.
16:10 of 2nd period - Stopped by Scott Wedgewood with a rebound.
16:12 of 2nd period - Snap shot by Patrice Cormier.
16:12 of 2nd period - Deflect By Akim Aliu.
16:12 of 2nd period - Shot Misses the Net.
16:12 of 2nd period - Puck is out of play.
16:13 of 2nd period - Patrice Cormier wins face-off versus Tyler Graovac in Condors zone.
16:37 of 2nd period - Patrice Cormier is hit by Michael Mersch.
16:59 of 2nd period - Ryan Parent and Jason Gregoire fight to a draw.
16:59 of 2nd period - Penalty to Ryan Parent for Fighting.
16:59 of 2nd period - Penalty to Jason Gregoire for Fighting.
16:59 of 2nd period - Penalty to Ryan Parent for instigated a fight.
16:59 of 2nd period - Penalty to Ryan Parent for instigated a fight.
17:00 of 2nd period - Teemu Pulkkinen wins face-off versus Carson McMillan in Penguins zone.
17:03 of 2nd period - Wrist shot by Teemu Pulkkinen.
17:03 of 2nd period - Deflect By Michael Chaput.
17:03 of 2nd period - Stopped by Dan Ellis with a rebound.
17:44 of 2nd period - Icing by Justin Vaive.
17:45 of 2nd period - Carson McMillan wins face-off versus Teemu Pulkkinen in Penguins zone.
17:50 of 2nd period - Teemu Pulkkinen is hit by Justin Vaive and loses puck.
18:23 of 2nd period - Kris Newbury is hit by Adam Clendening and loses puck.
18:59 of 2nd period - Penalty to Ryan Parent is over, Matt Bailey is send on ice.
19:08 of 2nd period - Icing by Mark Louis.
19:09 of 2nd period - Charles Sarault wins face-off versus Tyler Graovac in Penguins zone.
19:09 of 2nd period - Charles Sarault is hit by Matt Bailey.
19:21 of 2nd period - Wrist shot by Tyler Graovac.
19:21 of 2nd period - Stopped by Dan Ellis with a rebound.
19:23 of 2nd period - Slapshot by Taylor Fedun.
19:23 of 2nd period - Stopped by Dan Ellis with a rebound.
19:25 of 2nd period - Wrist shot by Tyler Graovac.
19:25 of 2nd period - Shot Blocked by Charles Sarault.
19:27 of 2nd period - Slapshot by David Schlemko.
19:27 of 2nd period - Shot Blocked by Charles Sarault.
19:31 of 2nd period - Slapshot by David Schlemko.
19:31 of 2nd period - Shot Misses the Net.
19:33 of 2nd period - Slapshot by Taylor Fedun.
19:33 of 2nd period - Shot Blocked by Charles Sarault.
19:37 of 2nd period - Slapshot by Tyler Graovac.
19:37 of 2nd period - Stopped by Dan Ellis with a rebound.
19:39 of 2nd period - Slapshot by David Schlemko.
19:39 of 2nd period - Stopped by Dan Ellis with a rebound.
Goals for this period are 1 for Penguins vs 0 for Condors.
Shots for this period are 18 for Penguins vs 11 for Condors.

3rd period


0:01 of 3rd period - Michael Chaput wins face-off versus Patrice Cormier in neutral zone.
0:06 of 3rd period - Wrist shot by Michael Chaput.
0:06 of 3rd period - Shot Misses the Net.
1:00 of 3rd period - Ryan Stanton is hit by Justin Vaive and loses puck.
1:16 of 3rd period - Carson McMillan is hit by Matt Bailey and loses puck.
1:35 of 3rd period - Mark Louis is hit by Steven Kampfer and loses puck.
2:04 of 3rd period - Charles Sarault is hit by Michael Chaput and loses puck.
2:17 of 3rd period - Slapshot by David Schlemko.
2:17 of 3rd period - Stopped by Dan Ellis with a rebound.
2:19 of 3rd period - Slapshot by Taylor Fedun.
2:19 of 3rd period - Stopped by Dan Ellis without a rebound.
2:20 of 3rd period - Tyler Graovac wins face-off versus Patrice Cormier in Penguins zone.
2:21 of 3rd period - Slapshot by David Schlemko.
2:21 of 3rd period - Shot Blocked by Adam Clendening.
2:51 of 3rd period - Slapshot by Adam Clendening.
2:51 of 3rd period - Shot Misses the Net.
3:15 of 3rd period - Michael Chaput is hit by FARM PLAYER20 and loses puck.
3:57 of 3rd period - Mark Louis is hit by Pat Cannone and loses puck.
7:14 of 3rd period - Michael Mersch is hit by Xavier Ouellet and loses puck.
7:43 of 3rd period - David Schlemko is hit by Justin Vaive and loses puck.
7:50 of 3rd period - Steven Kampfer is hit by Justin Vaive and loses puck.
8:11 of 3rd period - Akim Aliu is hit by Turner Elson and loses puck.
8:20 of 3rd period - Wrist shot by Turner Elson.
8:20 of 3rd period - Shot Misses the Net.
8:47 of 3rd period - Xavier Ouellet is hit by David Schlemko and loses puck.
9:15 of 3rd period - Icing by Danny Biega.
9:16 of 3rd period - Turner Elson wins face-off versus Charles Sarault in Penguins zone.
10:21 of 3rd period - Slapshot by David Schlemko.
10:21 of 3rd period - Stopped by Dan Ellis with a rebound.
11:23 of 3rd period - Minor Penalty to Jay Rosehill for Holding Stick.
11:24 of 3rd period - Patrice Cormier wins face-off versus Tyler Graovac in Penguins zone.
11:41 of 3rd period - Slapshot by Ryan Stanton.
11:41 of 3rd period - Deflect By Michael Mersch.
11:41 of 3rd period - Stopped by Dan Ellis without a rebound.
11:42 of 3rd period - Patrice Cormier wins face-off versus Tyler Graovac in Penguins zone.
11:51 of 3rd period - Slapshot by Danny Biega.
11:51 of 3rd period - Stopped by Scott Wedgewood with a rebound.
11:59 of 3rd period - 10 Minutes Misconduct Penalty to Ryan Parent is over.
12:01 of 3rd period - Philippe Cornet is hit by Michael Chaput and loses puck.
12:40 of 3rd period - Danny Biega is hit by Taylor Fedun and loses puck.
13:04 of 3rd period - Xavier Ouellet is hit by Tyler Graovac and loses puck.
13:19 of 3rd period - Bill Arnold is hit by Patrice Cormier and loses puck.
13:23 of 3rd period - Penalty to Jay Rosehill is over, Jay Rosehill is back on ice.
13:47 of 3rd period - Teemu Pulkkinen is hit by Dustin Gazley.
13:57 of 3rd period - Anthony Bitetto is hit by Xavier Ouellet and loses puck.
14:10 of 3rd period - Minor Penalty to Turner Elson for Holding.
14:11 of 3rd period - Teemu Pulkkinen wins face-off versus Carson McMillan in Condors zone.
14:22 of 3rd period - Steven Kampfer is hit by Danny Biega and loses puck.
15:07 of 3rd period - Ryan Stanton is hit by Dustin Gazley and loses puck.
15:14 of 3rd period - Slapshot by Danny Biega.
15:14 of 3rd period - Shot Blocked by Ryan Stanton.
15:34 of 3rd period - Matt Mangene is hit by Steven Kampfer and loses puck.
15:45 of 3rd period - Wrist shot by Kris Newbury.
15:45 of 3rd period - Stopped by Dan Ellis without a rebound.
15:46 of 3rd period - Carson McMillan wins face-off versus Teemu Pulkkinen in Penguins zone.
15:51 of 3rd period - Slapshot by Danny Biega.
15:51 of 3rd period - Shot Misses the Net.
15:53 of 3rd period - Backhand shot by Danny Biega.
15:53 of 3rd period - Shot Blocked by Taylor Fedun.
16:03 of 3rd period - Wrist shot by Justin Vaive.
16:03 of 3rd period - Stopped by Scott Wedgewood without a rebound.
16:04 of 3rd period - Justin Vaive wins face-off versus Teemu Pulkkinen in Condors zone.
16:05 of 3rd period - Slapshot by Danny Biega.
16:05 of 3rd period - Deflect By Justin Vaive.
16:05 of 3rd period - Shot Blocked by Teemu Pulkkinen.
16:05 of 3rd period - Puck is out of play.
16:06 of 3rd period - Teemu Pulkkinen wins face-off versus Carson McMillan in Condors zone.
16:10 of 3rd period - Penalty to Turner Elson is over, Turner Elson is back on ice.
16:43 of 3rd period - Snap shot by Charles Sarault.
16:43 of 3rd period - Stopped by Scott Wedgewood with a rebound.
17:19 of 3rd period - Slapshot by David Schlemko.
17:19 of 3rd period - Stopped by Dan Ellis with a rebound.
17:21 of 3rd period - Slapshot by David Schlemko.
17:21 of 3rd period - Stopped by Dan Ellis with a rebound.
17:23 of 3rd period - Snap shot by Taylor Fedun.
17:23 of 3rd period - Shot Misses the Net.
17:41 of 3rd period - Slapshot by Michael Chaput.
17:41 of 3rd period - Shot Blocked by Jay Rosehill.
18:03 of 3rd period - Snap shot by Tyler Graovac.
18:03 of 3rd period - Deflect By Michael Mersch.
18:03 of 3rd period - Shot Misses the Net.
18:03 of 3rd period - Puck is out of play.
18:04 of 3rd period - Tyler Graovac wins face-off versus Carson McMillan in Penguins zone.
18:24 of 3rd period - Slapshot by Dustin Gazley.
18:24 of 3rd period - Deflect By Justin Vaive.
18:24 of 3rd period - Stopped by Scott Wedgewood with a rebound.
18:26 of 3rd period - Slapshot by Danny Biega.
18:26 of 3rd period - Stopped by Scott Wedgewood without a rebound.
18:27 of 3rd period - Michael Chaput wins face-off versus Carson McMillan in Condors zone.
18:58 of 3rd period - Steven Kampfer is hit by Matt Mangene and loses puck.
19:19 of 3rd period - Bill Arnold is hit by Adam Clendening and loses puck.
19:32 of 3rd period - Wrist shot by Charles Sarault.
19:32 of 3rd period - Stopped by Scott Wedgewood with a rebound.
Goals for this period are 0 for Penguins vs 0 for Condors.
Shots for this period are 6 for Penguins vs 7 for Condors.
0:00 - Minor Penalty to Ken Agostino for Tripping.

Overtime #1


0:01 of 1st overtime period - Patrice Cormier wins face-off versus Teemu Pulkkinen in neutral zone.
0:28 of 1st overtime period - Slapshot by Adam Clendening.
0:28 of 1st overtime period - Stopped by Scott Wedgewood without a rebound.
0:29 of 1st overtime period - Patrice Cormier wins face-off versus Teemu Pulkkinen in Condors zone.
1:27 of 1st overtime period - Icing by Danny Biega.
1:28 of 1st overtime period - Patrice Cormier wins face-off versus Teemu Pulkkinen in Penguins zone.
1:49 of 1st overtime period - Wrist shot by Charles Sarault.
1:49 of 1st overtime period - Shot Misses the Net.
2:00 of 1st overtime period - Penalty to Ken Agostino is over, Ken Agostino is back on ice.
2:05 of 1st overtime period - Slapshot by Ryan Stanton.
2:05 of 1st overtime period - Deflect By Pat Cannone.
2:05 of 1st overtime period - Stopped by Dan Ellis without a rebound.
2:06 of 1st overtime period - Patrice Cormier wins face-off versus Teemu Pulkkinen in Penguins zone.
2:15 of 1st overtime period - Wrist shot by Philippe Cornet.
2:15 of 1st overtime period - Stopped by Scott Wedgewood with a rebound.
2:17 of 1st overtime period - Snap shot by Patrice Cormier.
2:17 of 1st overtime period - Stopped by Scott Wedgewood with a rebound.
3:24 of 1st overtime period - Snap shot by Danny Biega.
3:24 of 1st overtime period - Shot Misses the Net.
3:46 of 1st overtime period - Jason Gregoire is hit by Ryan Stanton.
3:50 of 1st overtime period - Slapshot by Adam Clendening.
3:50 of 1st overtime period - Shot Hit the Post.
4:08 of 1st overtime period - Snap shot by Charles Sarault.
4:08 of 1st overtime period - Stopped by Scott Wedgewood with a rebound.
Goals for this period are 0 for Penguins vs 0 for Condors.
Shots for this period are 4 for Penguins vs 1 for Condors.

ShootOut


5:00 of 1st overtime period - Penalty Shot by Patrice Cormier for Penguins.
5:00 of 1st overtime period - Wrist shot by Patrice Cormier.
5:00 of 1st overtime period - Stopped by Scott Wedgewood.
5:00 of 1st overtime period - Penalty Shot by Teemu Pulkkinen for Condors.
5:00 of 1st overtime period - Wrist shot by Teemu Pulkkinen.
5:00 of 1st overtime period - Stopped by Dan Ellis.
5:00 of 1st overtime period - Penalty Shot by Philippe Cornet for Penguins.
5:00 of 1st overtime period - Deke by Philippe Cornet.
5:00 of 1st overtime period - Goal by Philippe Cornet.
5:00 of 1st overtime period - Penalty Shot by Michael Chaput for Condors.
5:00 of 1st overtime period - Snap shot by Michael Chaput.
5:00 of 1st overtime period - Stopped by Dan Ellis.
5:00 of 1st overtime period - Penalty Shot by Justin Vaive for Penguins.
5:00 of 1st overtime period - Wrist shot by Justin Vaive.
5:00 of 1st overtime period - Stopped by Scott Wedgewood.
5:00 of 1st overtime period - Penalty Shot by Tyler Graovac for Condors.
5:00 of 1st overtime period - Deke by Tyler Graovac.
5:00 of 1st overtime period - Stopped by Dan Ellis.